% Time on Ice - OAKLAND GORILLAS
Lines # - Real PCT - Wanted PCT - Time Play
Normal Forward
1 - 35% - 36% - 16:05
2 - 24% - 31% - 11:06
3 - 30% - 23% - 13:37
4 - 11% - 10% - 4:57
Normal Defense
1 - 27% - 36% - 12:28
2 - 32% - 31% - 14:49
3 - 35% - 23% - 16:08
4 - 5% - 10% - 2:20
PP Forward
1 - 46% - 55% - 2:44
2 - 54% - 45% - 3:13
PP Defense
1 - 66% - 55% - 3:56
2 - 34% - 45% - 2:01
PK Forward
1 - 55% - 55% - 4:34
2 - 45% - 45% - 3:44
PK Defense
1 - 52% - 55% - 4:20
2 - 48% - 45% - 3:58
PK3 Forward
1 - 0% - 55%
2 - 0% - 45%
PK3 Defense
1 - 0% - 55%
2 - 0% - 45%
44 Forward
1 - 0% - 55%
2 - 0% - 45%
44 Defense
1 - 0% - 55%
2 - 0% - 45%
Last Minute Offensive  - 0:00
Last Minute Defensive  - 0:00
Total
Forward - 60:00
Defense - 60:00
% Time on Ice - SEATTLE GRUNGE
Lines # - Real PCT - Wanted PCT - Time Play
Normal Forward
1 - 35% - 36% - 15:54
2 - 29% - 31% - 13:16
3 - 25% - 24% - 11:24
4 - 11% - 9% - 5:11
Normal Defense
1 - 38% - 38% - 17:19
2 - 36% - 38% - 16:34
3 - 26% - 24% - 11:52
4 - 0% - 0% - 0:00
PP Forward
1 - 57% - 55% - 4:46
2 - 43% - 45% - 3:32
PP Defense
1 - 52% - 55% - 4:18
2 - 48% - 45% - 4:00
PK Forward
1 - 61% - 55% - 3:36
2 - 39% - 45% - 2:21
PK Defense
1 - 45% - 55% - 2:40
2 - 55% - 45% - 3:17
PK3 Forward
1 - 0% - 55%
2 - 0% - 45%
PK3 Defense
1 - 0% - 55%
2 - 0% - 45%
44 Forward
1 - 0% - 55%
2 - 0% - 45%
44 Defense
1 - 0% - 55%
2 - 0% - 45%
Last Minute Offensive  - 0:00
Last Minute Defensive  - 0:00
Total
Forward - 60:00
Defense - 60:00
Play-by-Play 1st period 0:01 of 1st period - Tyler Seguin wins face-off versus Nico Hischier in neutral zone. 0:16 of 1st period - Shot by Tyler Seguin. 0:16 of 1st period - Goal by Tyler Seguin - OAKLAND GORILLAS : 0 - SEATTLE GRUNGE : 1. 0:17 of 1st period - J.T. Compher wins face-off versus Chris Tierney in neutral zone. 0:47 of 1st period - Shot by J.T. Compher. 0:47 of 1st period - Stopped by Semyon Varlamov without a rebound. 0:48 of 1st period - Brandon Dubinsky wins face-off versus Oskar Sundqvist in SEATTLE GRUNGE zone. 0:56 of 1st period - Icing by Travis Sanheim. 0:57 of 1st period - Nico Hischier wins face-off versus Oskar Sundqvist in SEATTLE GRUNGE zone. 2:20 of 1st period - Shot by Jason Zucker. 2:20 of 1st period - Stopped by Robin Lehner with a rebound. 2:22 of 1st period - Shot by Seth Jones. 2:22 of 1st period - Deflect By Jeff Skinner. 2:22 of 1st period - Goal by Jeff Skinner - OAKLAND GORILLAS : 0 - SEATTLE GRUNGE : 2. 2:23 of 1st period - Cedric Paquette wins face-off versus Chris Tierney in neutral zone. 2:32 of 1st period - Damon Severson is hit by Cedric Paquette and loses puck. 2:43 of 1st period - Michael Frolik is hit by Samuel Girard and loses puck. 2:49 of 1st period - Icing by Cedric Paquette. 2:50 of 1st period - Cedric Paquette wins face-off versus Mike Sgarbossa in OAKLAND GORILLAS zone. 2:59 of 1st period - Minor Penalty to Samuel Girard for Roughing. 3:00 of 1st period - Nico Hischier wins face-off versus Tyler Seguin in OAKLAND GORILLAS zone. 3:34 of 1st period - Shot by Tyler Seguin. 3:34 of 1st period - Shot Hit the Post. 3:36 of 1st period - Shot by Tyler Seguin. 3:36 of 1st period - Goal by Tyler Seguin - OAKLAND GORILLAS : 0 - SEATTLE GRUNGE : 3. 3:37 of 1st period - Mike Sgarbossa wins face-off versus J.T. Compher in neutral zone. 4:04 of 1st period - Shot by J.T. Compher. 4:04 of 1st period - Shot Misses the Net. 4:06 of 1st period - Shot by Jonas Brodin. 4:06 of 1st period - Stopped by Semyon Varlamov without a rebound. 4:07 of 1st period - Brandon Dubinsky wins face-off versus Tyler Seguin in SEATTLE GRUNGE zone. 4:17 of 1st period - Icing by Seth Jones. 4:18 of 1st period - Nico Hischier wins face-off versus Tyler Seguin in SEATTLE GRUNGE zone. 4:31 of 1st period - Shot by Jason Zucker. 4:31 of 1st period - Shot Blocked by John Moore. 4:57 of 1st period - Shot by Nico Hischier. 4:57 of 1st period - Shot Misses the Net. 5:01 of 1st period - Shot by Nico Hischier. 5:01 of 1st period - Stopped by Semyon Varlamov without a rebound. 5:02 of 1st period - J.T. Compher wins face-off versus Chris Tierney in SEATTLE GRUNGE zone. 5:05 of 1st period - Shot by Jimmy Vesey. 5:05 of 1st period - Stopped by Semyon Varlamov without a rebound. 5:06 of 1st period - Chris Tierney wins face-off versus Brandon Dubinsky in SEATTLE GRUNGE zone. 6:02 of 1st period - Minor Penalty to Jason Zucker for Hooking. 6:03 of 1st period - Nico Hischier wins face-off versus Oskar Sundqvist in SEATTLE GRUNGE zone. 6:12 of 1st period - Shot by Nico Hischier. 6:12 of 1st period - Stopped by Semyon Varlamov with a rebound. 8:25 of 1st period - Jason Zucker is hit by Erik Gudbranson and loses puck. 8:45 of 1st period - Tyler Seguin is hit by Nathan Beaulieu and loses puck. 9:07 of 1st period - Icing by Erik Gudbranson. 9:08 of 1st period - Brandon Dubinsky wins face-off versus Oskar Sundqvist in OAKLAND GORILLAS zone. 9:21 of 1st period - Shot by Oskar Sundqvist. 9:21 of 1st period - Shot Misses the Net. 9:23 of 1st period - Shot by Oskar Sundqvist. 9:23 of 1st period - Stopped by Robin Lehner without a rebound. 9:24 of 1st period - Chris Tierney wins face-off versus J.T. Compher in OAKLAND GORILLAS zone. 9:24 of 1st period - Chris Tierney is hit by Jonas Brodin. 10:45 of 1st period - Patrik Laine is hit by Rasmus Dahlin and loses puck. 11:00 of 1st period - Shot by Oskar Sundqvist. 11:00 of 1st period - Shot Misses the Net. 11:28 of 1st period - Tyler Seguin is hit by Samuel Girard and loses puck. 11:41 of 1st period - Shot by Tyler Seguin. 11:41 of 1st period - Shot Misses the Net. 11:51 of 1st period - Shot by Jeff Skinner. 11:51 of 1st period - Stopped by Robin Lehner without a rebound. 11:52 of 1st period - Mike Sgarbossa wins face-off versus Milan Lucic in OAKLAND GORILLAS zone. 12:11 of 1st period - Shot by Jimmy Vesey. 12:11 of 1st period - Stopped by Semyon Varlamov without a rebound. 12:12 of 1st period - Chris Tierney wins face-off versus Brandon Dubinsky in SEATTLE GRUNGE zone. 12:12 of 1st period - Chris Tierney is hit by Brandon Dubinsky. 13:17 of 1st period - Tyler Seguin is hit by Erik Gudbranson and loses puck. 13:24 of 1st period - Shot by Tyler Seguin. 13:24 of 1st period - Deflect By Jeff Skinner. 13:24 of 1st period - Stopped by Robin Lehner without a rebound. 13:25 of 1st period - J.T. Compher wins face-off versus Oskar Sundqvist in OAKLAND GORILLAS zone. 13:27 of 1st period - Icing by Jimmy Vesey. 13:28 of 1st period - J.T. Compher wins face-off versus J.T. Brown in OAKLAND GORILLAS zone. 13:44 of 1st period - Shot by Jimmy Vesey. 13:44 of 1st period - Goal by Jimmy Vesey - OAKLAND GORILLAS : 1 - SEATTLE GRUNGE : 3. 13:45 of 1st period - Tyler Seguin wins face-off versus Nico Hischier in neutral zone. 13:58 of 1st period - Shot by Tyler Seguin. 13:58 of 1st period - Shot Misses the Net. 15:02 of 1st period - Nico Hischier is hit by J.T. Brown and loses puck. 17:06 of 1st period - Damon Severson is hit by Brandon Dubinsky and loses puck. 17:10 of 1st period - Rasmus Dahlin is hit by Erik Gudbranson and loses puck. 17:31 of 1st period - Shot by Tyler Seguin. 17:31 of 1st period - Stopped by Robin Lehner without a rebound. 17:32 of 1st period - Cedric Paquette wins face-off versus Oskar Sundqvist in OAKLAND GORILLAS zone. 17:32 of 1st period - Cedric Paquette is hit by Oskar Sundqvist. 18:12 of 1st period - Shot by Oskar Sundqvist. 18:12 of 1st period - Shot Blocked by John Moore. 18:42 of 1st period - Shot by Tyler Seguin. 18:42 of 1st period - Shot Misses the Net. 18:44 of 1st period - Shot by Tyler Seguin. 18:44 of 1st period - Stopped by Robin Lehner without a rebound. 18:45 of 1st period - Chris Tierney wins face-off versus J.T. Compher in OAKLAND GORILLAS zone. 18:45 of 1st period - Chris Tierney is hit by Erik Gudbranson. 18:59 of 1st period - Michael Frolik is hit by Milan Lucic and loses puck. 19:19 of 1st period - Icing by Erik Gudbranson. 19:20 of 1st period - J.T. Compher wins face-off versus Tyler Seguin in OAKLAND GORILLAS zone. 19:22 of 1st period - Icing by Milan L